 Dungeon Crawl Stone Soup version 0.20-a0-259-gc929cd2 (webtiles) character file.

242 Darkfold the Poker (level 6, -9/49 HPs)
             Began as a Formicid Abyssal Knight on Dec 2, 2016.
             Was a Believer of Lugonu.
             Mangled by a wight
             ... wielding a +2 war axe
              (12 damage)
             ... on level 7 of the Dungeon.
             The game lasted 00:18:14 (2228 turns).

Darkfold the Poker (Formicid Abyssal Knight)        Turns: 2228, Time: 00:18:14

Health: -9/49      AC:  8    Str: 18    XL:     6   Next: 31%
Magic:  7/7        EV:  4    Int: 12    God:    Lugonu [**....]
Gold:   119        SH:  7    Dex: 16    Spells: 5/5 levels left

rFire  x . .     SeeInvis +     n - +3 spear (venom)
rCold  + . .     Gourm    .     i - +0 chain mail
rNeg   . . .     Faith    .     p - +0 shield
rPois  .         Spirit   .     (helmet unavailable)
rElec  .         Reflect  .     (no cloak)
rCorr  .         Harm     .     (no gloves)
MR     .....                    (no boots)
Stlth  ..........               (no amulet)
                                h - +6 ring of dexterity
                                m - ring of ice

@: heavily drained
A: permanent stasis, dig shafts and tunnels, four strong arms, antennae 3
a: Dig, Shaft Self, Depart the Abyss, Bend Space, Renounce Religion


You were on level 7 of the Dungeon.
You worshipped Lugonu.
Lugonu was pleased with you.
You were very hungry.

You visited 1 branch of the dungeon, and saw 5 of its levels.
You visited the Abyss 1 time.

You collected 119 gold pieces.

Inventory:

Hand Weapons
 k - a +0 trident
 n - a +3 spear of venom (weapon)
Missiles
 j - 8 poisoned javelins (quivered)
Armour
 i - a +0 chain mail (worn)
 p - a +0 shield (worn)
Magical Staves
 s - an uncursed staff of conjuration
Jewellery
 h - a +6 ring of dexterity (right hand)
 m - a ring of ice (left hand)
Scrolls
 a - 2 scrolls of blinking
 e - a scroll of remove curse
 f - a scroll of noise
 l - a scroll of fog {unknown}
 o - a scroll of magic mapping {unknown}
 r - a scroll of amnesia {unknown}
 t - a scroll of teleportation {unknown}
Books
 b - a book of Conjurations

   Spells                             Type                      Level
   a - Magic Dart                     Conjuration                  1
   b - Searing Ray                    Conjuration                  2
   c - Dazzling Spray                 Conjuration/Hexes            3
   d - Fulminant Prism                Conjuration/Hexes            4
   e - Iskenderun's Mystic Blast      Conjuration                  4
   f - Iskenderun's Battlesphere      Conjuration/Charms           5
Comestibles
 c - 2 bread rations
 d - a beef jerky
 g - 3 fruits


   Skills:
 - Level 4.7(3.5) Fighting
 - Level 5.3(4.0) Polearms
 + Level 2.1(1.0) Armour
 - Level 0.8(0.0) Dodging
 + Level 0.0 Shields
 - Level 2.1(1.0) Invocations


You had 5 spell levels left.
You didn't know any spells.

Dungeon Overview and Level Annotations

Branches:
Dungeon (7/15)
 Temple: D:4-7

Altars:
Okawaru

Annotations:
D:3 Karnivor's ghost, amateur GrEE


Innate Abilities, Weirdness & Mutations

You cannot be hasted, slowed, berserked, paralysed or teleported.
You can dig through walls and to a lower floor.
Your four strong arms can wield two-handed weapons with a shield.
You have a pair of large antennae on your head. (SInv)


Message History

Found a stone staircase leading down.
Found 2 green potions. 2 wights come into view.
The wight hits you but does no damage.
Found a large shield and 7 gold pieces.
A wight comes into view. It is wielding a great sword.
Found a leather armour.
There is a stone staircase leading up here.
The wight hits you but does no damage. The wight hits you with a scimitar.
You feel drained.
You climb upwards.
There is a stone staircase leading down here.
You block the wight's attack. The wight hits you with a scimitar.
You climb downwards.
The wight hits you with an enchanted long sword!
* * * LOW HITPOINT WARNING * * *
You feel drained.
* * * LOW HITPOINT WARNING * * *
The wight hits you with an enchanted war axe!
You die...

##...#..# ..#.[#..#
#....##.# ..
#>...#.## #####....
##.#.....###........
#............# {
####.#..........#
........z...........
##.#.@z............
#.zzz......#.....
#..............#.
##...............
#....)......###?
#........#..
#.[.......
.........#


You could see 5 wights.

Vanquished Creatures
  A bullfrog (D:6)
  2 hounds (D:6)
  Ijyb (D:2)
  An orc wizard (D:6)
  An adder (D:2)
  A dart slug (D:2)
  A leopard gecko (D:2)
  11 orcs
  A giant cockroach (D:2)
  5 hobgoblins
  7 jackals
  3 kobolds
  A quokka (D:3)
  A ball python (D:1)
  4 bats
  2 frilled lizards
  A leopard gecko zombie (D:6)
  8 rats
52 creatures vanquished.

Notes
Turn   | Place    | Note
-------+----------+-------------------------------------------
     0 | Abyss:1  | Darkfold the Formicid Abyssal Knight began the quest for the Orb.
     0 | Abyss:1  | Reached XP level 1. HP: 18/18 MP: 2/2
    44 | D:1      | Escaped the Abyss
   332 | D:1      | Reached XP level 2. HP: 24/24 MP: 3/3
   501 | D:2      | Noticed Ijyb
   517 | D:2      | Killed Ijyb
   517 | D:2      | Reached skill level 3 in Polearms
   517 | D:2      | Reached XP level 3. HP: 18/30 MP: 4/4
   810 | D:2      | Reached XP level 4. HP: 34/37 MP: 5/5
  1153 | D:2      | Reached ** piety under Lugonu
  1620 | D:3      | Reached skill level 4 in Polearms
  1795 | D:3      | Noticed Karnivor's ghost (amateur GrEE)
  1801 | D:3      | You fall through a shaft for 3 floors!
  1804 | D:6      | Noticed a bullfrog
  1857 | D:6      | Killed a bullfrog
  1857 | D:6      | Reached XP level 5. HP: 26/43 MP: 6/6
  2083 | D:6      | Reached skill level 5 in Polearms
  2083 | D:6      | Reached XP level 6. HP: 48/49 MP: 7/7
  2143 | D:6      | Found an iron altar of Okawaru.
  2215 | D:6      | You fall through a shaft!
  2228 | D:7      | Mangled by a wight

Vault maps used:
D:1:      dpeg_arrival_rhombus
D:2:      first_bread, uniq_iyjb
D:3:      minmay_fountain_box, grunt_ministairs_4,
          nicolae_qazlal_general_emergency
D:6:      grunt_ministairs_14, okawaru_ov_weapons_minmay
D:7:      the_bakery

Skill      XL: |  1  2  3  4  5 |
---------------+----------------+-----
Polearms       | 3 4 5 |  5.3
Fighting       | 4 |  4.7
Armour         | |  2.1
Dodging        | |  0.8
Invocations    | |  2.1

Action                   |  1- 3 |  4- 6 || total
-------------------------+-------+-------++-------
Melee: Spear             |    60 |    90 ||   150
Throw: Javelin           |     6 |    10 ||    16
Invok: Bend Space        |       |     1 ||     1
 Abil: Dig               |       |     3 ||     3
       Shaft Self        |       |     2 ||     2
  Use: Scroll            |     3 |     3 ||     6
       Potion            |       |     2 ||     2
  Eat: Chunk             |       |     4 ||     4
Armor: Leather armour    |     3 |       ||     3
       Ring mail         |     4 |       ||     4
       Scale mail        |     8 |       ||     8
       Chain mail        |       |    37 ||    37
Dodge: Dodged            |    23 |     9 ||    32
Block: Shield            |       |    30 ||    30
